AoeStats
← Gelo9993893

Black Forest

505690465Analyzed
2v2 RM · 21d ago on Sep 10, 2026· 95m 26s· 4 players
Game mode
Random Map
Map size
Medium (4 player)
Population
200
Speed
Normal
Resources
Standard
Victory
Conquest
Starting age
Dark Age
Ending age
Imperial Age
RankedLock teamsTeams togetherTeam positionsShared explorationLock speedFull tech treeHidden civsTurbo modeCheats
Victory
Defeat
🇲🇹 Franks · Malta
796
+12
🇧🇷 Tupi · Brazil
704
+15
🇬🇧 Teutons · United Kingdom
711
-14
🇵🇱 Armenians · Poland
671
-13
frog
13:24 Feudal Age
14:53 Wheelbarrow
14:00 Horse Collar
14:08 Double-Bit Axe
19:08 Castle Age
17:30 Stone Mining
17:42 Gold Mining
20:17 Hand Cart
20:15 Bow Saw
31:51 Imperial Age
29:11 Town Watch
29:12 Loom
30:55 Ballistics
30:46 Masonry
30:29 Fletching
30:39 Padded Archer Armor
30:50 Forging
30:41 Scale Mail Armor
30:46 Scale Barding Armor
31:10 Bodkin Arrow
31:45 Ironclad
32:00 Fortified Wall
32:02 Town Patrol
32:40 Leather Archer Armor
33:12 Conscription
33:32 Iron Casting
33:09 Heavy Plow
35:13 Two-Man Saw
34:47 Crop Rotation
35:28 Chemistry
35:15 Caravan
35:33 Chain Mail Armor
35:19 Cavalier
36:36 Coinage
36:56 Hoardings
36:32 Crossbowman
37:45 Crenellations
37:44 Bloodlines
37:28 Gambesons
37:03 Man-at-Arms
37:26 Pikeman
38:07 Squires
40:19 Blast Furnace
39:49 Plate Mail Armor
39:40 Chain Barding Armor
39:51 Ring Archer Armor
40:27 Paladin
40:29 Elite Teutonic Knight
42:23 Onager
42:23 Capped Ram
42:24 Heavy Scorpion
43:57 Plate Barding Armor
45:54 Banking
45:35 Guilds
47:06 Siege Onager
47:40 Arrowslits
48:13 Siege Engineers
50:07 Long Swordsman
50:33 Arson
50:58 Two-Handed Swordsman
50:59 Halberdier
51:00 Two-Handed Swordsman
51:15 Two-Handed Swordsman
51:15 Halberdier
54:26 Champion
Gelo9993893
13:05 Feudal Age
14:55 Double-Bit Axe
15:01 Gold Mining
18:21 Stone Mining
22:24 Castle Age
21:53 Wheelbarrow
25:28 Bow Saw
25:54 Gold Shaft Mining
27:17 Pikeman
28:13 Horse Collar
29:35 Heavy Plow
34:04 Imperial Age
32:49 Halberdier
35:00 Elite Skirmisher
37:05 Cavalier
43:33 Elite Composite Bowman
70:26 Bloodlines
SirMocho1914
1:34 Loom
12:16 Feudal Age
13:54 Wheelbarrow
13:20 Horse Collar
13:31 Double-Bit Axe
19:16 Castle Age
21:46 Bow Saw
22:49 Scale Mail Armor
22:59 Forging
23:20 Forging
28:21 Ballistics
27:26 Champi Runner
28:12 Squires
27:57 Arson
27:37 Elite Skirmisher
29:33 Chain Mail Armor
29:54 Iron Casting
30:41 Hand Cart
30:53 Hand Cart
30:38 Fletching
30:48 Padded Archer Armor
31:24 Iron Casting
34:14 Imperial Age
33:09 Heavy Plow
33:00 Gold Mining
33:01 Stone Mining
33:59 Pikeman
35:19 Town Watch
35:54 Bodkin Arrow
36:14 Leather Archer Armor
36:29 Plate Mail Armor
37:03 Chemistry
35:59 Murder Holes
36:21 Elite Ibirapema Warrior
36:22 Halberdier
39:43 Curare
39:48 Caciques
40:13 Conscription
40:29 Hoardings
40:06 Caravan
39:50 Onager
41:53 Two-Man Saw
41:29 Gold Shaft Mining
41:17 Bracer
41:47 Ring Archer Armor
47:26 Capped Ram
48:52 Elite Blackwood Archer
53:17 Coinage
54:24 Siege Ram
94:13 Spies/Treason
Dtox
0:37 Loom
14:29 Feudal Age
22:45 Castle Age
21:44 Double-Bit Axe
22:29 Stone Mining
24:20 Wheelbarrow
24:00 Bow Saw
26:08 Town Watch
27:20 Gold Mining
29:38 Hand Cart
30:17 Scale Barding Armor
37:38 Imperial Age
36:16 Fletching
36:38 Forging
36:49 Chain Barding Armor
37:45 Cavalier
39:56 Ballistics
39:48 Fortified Wall
40:30 Heavy Cavalry Archer
41:24 Padded Archer Armor
43:05 Chemistry
43:28 Husbandry
45:10 Plate Barding Armor
45:11 Iron Casting
49:24 Blast Furnace
48:20 Bodkin Arrow
48:41 Leather Archer Armor
50:19 Onager
53:31 Siege Engineers
67:45 Paladin
Connection lost

Rejoining the realm…

Still unreachable

The connection could not be restored.

Session expired

The server has moved on; the page needs a fresh start.